AoeStats
← kevinrgarciab

Arena

509813749Analyzed
2v2 RM · 5d ago on Sep 28, 2026· 47m 0s· 4 players
Game mode
Random Map
Map size
Medium (4 player)
Population
200
Speed
Normal
Resources
Standard
Victory
Conquest
Starting age
Dark Age
Ending age
Imperial Age
RankedLock teamsTeams togetherTeam positionsShared explorationLock speedFull tech treeHidden civsTurbo modeCheats
Victory
Defeat
🇨🇳 Sicilians · China
1075
+13
🇦🇷 Bengalis · Argentina
977
+17
🇺🇸 Vikings · United States
1000
-45
🇻🇪 Goths · Venezuela
999
-15
kevinrgarciab
11:02 Feudal Age
16:23 Castle Age
14:35 Double-Bit Axe
14:32 Horse Collar
19:43 Wheelbarrow
19:03 Gold Mining
20:11 Heavy Plow
20:54 Bow Saw
30:10 Imperial Age
28:51 Scale Mail Armor
29:02 Forging
29:33 Hand Cart
29:07 Town Watch
29:10 Loom
30:12 Anarchy
30:31 Chain Mail Armor
30:59 Iron Casting
30:25 Stone Mining
31:03 Perfusion
30:40 Elite Huskarl
31:26 Squires
32:10 Conscription
37:18 Blast Furnace
37:19 Stone Shaft Mining
gavircont
10:59 Feudal Age
15:28 Double-Bit Axe
15:28 Horse Collar
15:27 Man-at-Arms
20:59 Forging
20:50 Scale Mail Armor
24:48 Castle Age
27:32 Elite Skirmisher
33:52 Pikeman
34:33 Squires
35:37 Chain Mail Armor
35:28 Scale Barding Armor
35:59 Iron Casting
35:25 Padded Archer Armor
35:16 Fletching
38:45 Gold Mining
40:23 Ballistics
45:46 Treadmill Crane
Bvptistvs III
10:56 Feudal Age
16:16 Castle Age
14:37 Double-Bit Axe
15:09 Horse Collar
17:31 Fletching
17:43 Gold Mining
18:47 Wheelbarrow
19:25 Padded Archer Armor
20:35 Bodkin Arrow
21:26 Fervor
23:44 Leather Archer Armor
23:37 Heavy Plow
25:03 Loom
25:41 Forging
26:05 Town Watch
27:37 Bloodlines
27:27 Husbandry
28:02 Hand Cart
31:24 Imperial Age
29:34 Paiks
31:05 Town Patrol
32:53 Conscription
32:35 Bracer
33:05 Ring Archer Armor
32:22 Elite Ratha (Ranged)
34:11 Gold Shaft Mining
34:10 Ballistics
36:05 Bow Saw
38:33 Scale Barding Armor
39:41 Chain Barding Armor
41:44 Chemistry
40:56 Masonry
40:43 Stone Mining
40:40 Elite Skirmisher
42:07 Plate Barding Armor
42:16 Crop Rotation
42:23 Siege Elephant
43:32 Redemption
46:45 Elite Battle Elephant
猫咪先生
11:30 Feudal Age
15:26 Castle Age
13:38 Double-Bit Axe
15:17 Horse Collar
21:07 Heavy Plow
25:02 Wheelbarrow
25:52 Gold Mining
25:53 Stone Mining
26:17 Bow Saw
30:11 Imperial Age
28:19 Gambesons
28:35 Squires
28:20 Arson
28:53 Scale Mail Armor
29:06 Forging
28:51 Town Watch
28:54 Loom
30:33 First Crusade
31:04 Chain Mail Armor
31:25 Iron Casting
32:26 Elite Serjeant
34:12 Hand Cart
34:49 Crop Rotation
34:54 Hauberk
35:16 Conscription
34:50 Capped Ram
36:39 Plate Mail Armor
37:09 Blast Furnace
36:24 Siege Ram
38:02 Masonry
Connection lost

Rejoining the realm…

Still unreachable

The connection could not be restored.

Session expired

The server has moved on; the page needs a fresh start.